 Dungeon Crawl Stone Soup version 0.29.1-1-gd02db6906a (webtiles) character file.

Game seed: 9689088533299444658

2270 funnyparkerb the Fighter (level 9, 0/71 HPs)
             Began as a Djinni Fire Elementalist on Sept 28, 2022.
             Was an Initiate of Ashenzari.
             Slain by a yak (8 damage)
             ... on level 5 of the Dungeon.
             The game lasted 00:10:22 (7918 turns).

funnyparkerb the Fighter (Djinni Fire Elementalist) Turns: 7918, Time: 00:10:22

Health: 0/71       AC:  4    Str:  7    XL:     9   Next: 65%
Gold:   475        EV: 12    Int: 20    God:    Ashenzari [......] SH:  0 Dex: 15

rFire   + + .      SeeInvis .   n - +5 dagger (elec)
rCold   x . .      Faith    .   (no shield)
rNeg    + . .      Spirit   .   o - +2 robe {rN+}
rPois   ∞          Reflect  .   (no helmet)
rElec   .          Harm     .   (no cloak)
rCorr   .          Rampage  .   (no gloves)
Will    .....                   (boots unavailable)
Stlth   ++........              (no amulet)
HPRegen 0.21/turn               (no ring)
MPRegen 0.00/turn               (no ring)

@: flying
A: sickness immunity, fire resistance 2, cold vulnerability 1, float, innate
caster, HP casting, extra vitality 1
a: Renounce Religion


You were on level 5 of the Dungeon.
You worshipped Ashenzari.
Ashenzari was noncommittal.
You visited 2 branches of the dungeon, and saw 7 of its levels.

You collected 475 gold pieces.

Inventory:

Hand Weapons
 n - a +5 dagger of electrocution (weapon)
Missiles
 m - 3 atropa-tipped darts
Armour
 a - a +0 robe
 j - a +0 robe of willpower
 o - a +2 robe of positive energy (worn)
 t - a +0 plate armour
 y - the +1 ring mail of the Gravedigger {Stlth+}
   (You found it on level 5 of the Dungeon)

   Stlth:     It makes you more stealthy.
Wands
 r - a wand of polymorph (15)
 C - a wand of charming (11)
Scrolls
 c - a scroll of poison {unknown}
 d - 8 scrolls of identify {unknown}
 f - 2 scrolls of amnesia {unknown}
 k - a scroll of enchant armour {unknown}
 l - a scroll of acquirement {unknown}
 p - 2 scrolls of noise {unknown}
 u - 4 scrolls of fear {unknown}
 v - a scroll of vulnerability {unknown}
 w - 2 scrolls of immolation {unknown}
 x - a scroll of blinking {unknown}
 A - a scroll of torment {unknown}
 B - 2 scrolls of magic mapping {unknown}
Potions
 b - 2 potions of heal wounds {unknown}
 e - 5 potions of curing {unknown}
 g - 3 potions of flight {unknown}
 h - a potion of might {unknown}
 i - 2 potions of attraction {unknown}
 q - a potion of mutation {unknown}
 s - 3 potions of brilliance {unknown}
 z - a potion of invisibility {unknown}
 D - a potion of haste {unknown}


   Skills:
 + Level 8.6 Fighting
 - Level 2.1 Dodging
 - Level 1.5 Stealth
 + Level 7.1 Spellcasting


You had one spell level left.
You knew the following spells:

 Your Spells              Type           Power      Damage    Failure   Level
a - Foxfire               Conj/Fire      100%       2x1d9     1%          1
b - Scorch                Fire           70%        2d8       1%          2
c - Conjure Flame         Conj/Fire      35%        6-21      1%          3
d - Inner Flame           Hex/Fire       35%        N/A       1%          3
e - Flame Wave            Conj/Fire      35%        2d10      4%          4
f - Sandblast             Erth           70%        2d15      1%          1
g - Ensorcelled Hibernat  Hex/Ice        70%        N/A       1%          2
h - Passwall              Tmut/Erth      29%        N/A       1%          2
i - Portal Projectile     Hex/Tloc       70%        N/A       1%          3
Your spell library was empty.

Dungeon Overview and Level Annotations

Branches:
Dungeon (6/15)             Temple (1/1) D:5

Altars:
Ashenzari
Cheibriados
Gozag
Hepliaklqana
Makhleb
Nemelex Xobeh
Okawaru
Ru
Trog
Wu Jian
Zin

Shops:
D:3 *

Annotations:
D:6 2 transporters, TheSexyCheese's ghost, novice HOBe


Innate Abilities, Weirdness & Mutations

You are immune to sickness and miasma.
You are immune to poison.
Your flesh is very heat resistant. (rF++)
You are vulnerable to cold. (rC-)
You float through the air rather than walking.
You learn spells naturally, not from books.
Your magical power is your life essence.
You have superior vitality. (+4 MHP)


Message History

Casting: Sandblast (safe; 1% risk of failure)
Confirm with . or Enter, or press ? or * to list all spells.
Aiming: Sandblast (safe; 1% risk of failure)
Press: ? - help, Shift-Dir - straight line, f/p - yak
Aim: a yak (90% to hit)
The blast of sand hits the yak!
The yak is moderately wounded.
The yak closely misses you.
Casting: Sandblast (safe; 1% risk of failure)
Confirm with . or Enter, or press ? or * to list all spells.
Aiming: Sandblast (safe; 1% risk of failure)
Press: ? - help, Shift-Dir - straight line, f/p - yak
Aim: a yak (moderately wounded, 90% to hit)
The blast of sand hits the yak.
The yak is heavily wounded.
The yak gores you! The yak gores you. The yak gores you!
* * * LOW HITPOINT WARNING * * *
You fly upwards.
There is a stone staircase leading down here.
Casting: Sandblast (safe; 1% risk of failure)
Confirm with . or Enter, or press ? or * to list all spells.
Aiming: Sandblast (safe; 1% risk of failure)
Press: ? - help, Shift-Dir - straight line, f - yak
Aim: a yak (heavily wounded, 90% to hit)
The blast of sand hits the yak.
The yak is severely wounded.
* * * LOW HITPOINT WARNING * * *
The yak gores you!
* * * LOW HITPOINT WARNING * * *
Casting: Sandblast (safe; 1% risk of failure)
Confirm with . or Enter, or press ? or * to list all spells.
Aiming: Sandblast (safe; 1% risk of failure)
Press: ? - help, Shift-Dir - straight line, f/p - yak
Aim: a yak (severely wounded, 90% to hit)
The blast of sand hits the yak but does no damage.
The yak is severely wounded.
* * * LOW HITPOINT WARNING * * *
The yak gores you!
You die...

####........##....#...........#
#........##....#...........#
#..≈≈≈≈..##....#...........#
#.....≈..##....#..)........#
####..._.≈..##....#...........#
...#.....≈........#...........###
....................[............
##.#...#####.#.÷Y.#....##########
#.#..######.###@.#....# ###
##.#..##...#'######....# ##..
....[[.........# ####.# ##..#
#.###'###......# #.# ##..##
#.#.....#......# #.# ##..##.
..#.....#......# #.# ##..##..
..#.._..#......# #.###..##.^.
#.#.....#......# #.....##..^.
#.#.....#......# #.##..#...##


You could see a yak.

Vanquished Creatures
  The ghost of TheSexyCheese the Trooper, an amateur HOBe of Trog (D:5)
  3 yaks
  A water moccasin (D:6)
  Duvessa (D:4)
  A sky beast (D:6)
  An ice beast (D:6)
  3 black bears
  A phantom (D:5)
  2 ogres (D:5)
  A necrophage (D:4)
  A scorpion (D:4)
  5 wights (D:5)
  Dowan (D:4)
  A hound (D:5)
  An orc priest (D:5)
  An iguana (D:4)
  Jessica (D:2)
  Natasha (D:2)
  An orc wizard (D:5)
  3 adders
  An ufetubus (D:5)
  A worm (D:3)
  3 dart slugs
  5 orcs
  10 ball pythons
  9 endoplasms
  6 giant cockroaches
  8 goblins
  6 hobgoblins
  12 jackals
  4 kobolds
  3 quokkas
  8 bats
  3 frilled lizards
  3 rats
113 creatures vanquished.

Vanquished Creatures (others)
  296 foxfires
296 creatures vanquished.

Grand Total: 409 creatures vanquished

Notes
Turn   | Place    | Note
-------+----------+-------------------------------------------
     0 | D:1      | funnyparkerb the Djinni Fire Elementalist began the quest
                  | for the Orb.
     0 | D:1      | funnyparkerb set off with the following spells memorised:
                  | Foxfire, Scorch, Conjure Flame, Inner Flame, Flame Wave.
     0 | D:1      | Reached XP level 1. HP: 15/15 MP: 0/0
   241 | D:1      | Reached XP level 2. HP: 19/22 MP: 0/0
   330 | D:1      | Reached skill level 1 in Fighting
  1037 | D:1      | Reached XP level 3. HP: 23/27 MP: 0/0
  1037 | D:1      | Learned a level 1 spell: Sandblast
  1794 | D:2      | Reached skill level 2 in Fighting
  2140 | D:2      | Reached XP level 4. HP: 20/33 MP: 0/0
  2592 | D:2      | Noticed Jessica
  2600 | D:2      | Killed Jessica
  3178 | D:2      | Noticed Natasha
  3186 | D:2      | Killed Natasha
  3187 | D:2      | Reached XP level 5. HP: 17/40 MP: 0/0
  3187 | D:2      | Learned a level 2 spell: Ensorcelled Hibernation
  3475 | D:2      | Reached skill level 3 in Fighting
  3570 | D:3      | Found Qixoogoe's Assorted Antiques.
  3649 | D:3      | Found a faded altar of an unknown god.
  3674 | D:3      | Found a hazy altar of Hepliaklqana.
  3677 | D:3      | Found a sacrificial altar of Ru.
  4649 | D:4      | Noticed Duvessa
  4650 | D:4      | Noticed Dowan
  4661 | D:4      | Killed Duvessa
  4662 | D:4      | Reached XP level 6. HP: 26/47 MP: 0/0
  4663 | D:4      | Killed Dowan
  4664 | D:4      | Reached skill level 4 in Fighting
  4962 | D:4      | Noticed a black bear
  4973 | D:4      | Killed a black bear
  4974 | D:4      | Reached XP level 7. HP: 35/53 MP: 0/0
  4974 | D:4      | Learned a level 2 spell: Passwall
  5448 | D:4      | Reached skill level 5 in Fighting
  5510 | D:5      | Entered Level 5 of the Dungeon
  5685 | D:5      | Reached skill level 5 in Spellcasting
  5685 | D:5      | Reached XP level 8. HP: 41/60 MP: 0/0
  5841 | D:5      | Found an opulent altar of Gozag.
  5849 | D:5      | Found a burning altar of Makhleb.
  5887 | D:5      | Reached skill level 6 in Fighting
  6167 | D:5      | Found a sparkling altar of Nemelex Xobeh.
  6305 | D:5      | Found a staircase to the Ecumenical Temple.
  6315 | Temple   | Entered the Ecumenical Temple
  6324 | Temple   | Became a worshipper of Ashenzari the Shackled
  6347 | D:5      | Identified the +1 ring mail of the Gravedigger {Stlth+}
  6957 | D:5      | Found a runed translucent door.
  6962 | D:5      | Noticed TheSexyCheese's ghost (amateur HOBe)
  6996 | D:5      | Killed TheSexyCheese's ghost
  6997 | D:5      | Reached skill level 7 in Fighting
  7210 | D:6      | Found a transporter.
  7213 | D:6      | Noticed TheSexyCheese's ghost (novice HOBe)
  7221 | D:6      | Found a transporter.
  7224 | D:6      | Noticed a yak
  7297 | D:6      | Reached XP level 9. HP: 57/68 MP: 0/0
  7297 | D:6      | Learned a level 3 spell: Portal Projectile
  7508 | D:6      | Reached skill level 8 in Fighting
  7918 | D:5      | Slain by a yak

Illustrated notes

Levels and vault maps discovered:
D:1:      erik_arrival_triangle_small, layout_basic
D:2:      layout_loops_corners, uniq_jessica, uniq_natasha
D:3:      layout_loops_ring, nicolae_overflow_squiral,
          chequers_ecumenical_altar_twisty, serial_shops,
          nicolae_shop_hallway_stairs, hangedman_feature_mirror
D:4:      layout_basic, uniq_duvessa
D:5:      layout_basic, mainiacjoe_overflow_chevrons, amcnicky_altar_gilded,
          nemelex_spade_bored_becter, temple_pool_b,
          ebering_ghost_reflecting_pool, nicolae_concentric_dashed_squares_wild,
          minmay_misc_feat_nine_boxes
D:6:      layout_basic, serial_shops, kennysheep_little_box,
          gammafunk_ghost_arena
Temple:   nicolae_temple_bog_church

Skill      XL: |  1  2  3  4  5  6  7  8  9 |
---------------+----------------------------+-----
Fighting       | 1 2 3 4 5 7 8 |  8.6
Spellcasting   | 3 4 5 6 7 |  7.1
Dodging        | |  2.1
Stealth        | |  1.5

Action                   |  1- 3 |  4- 6 |  7- 9 || total
-------------------------+-------+-------+-------++-------
Melee: Short sword       |     1 |       |       ||     1
       Dagger            |       |     9 |       ||     9
 Cast: Foxfire           |    61 |    68 |    69 ||   198
       Scorch            |    20 |    35 |    54 ||   109
       Conjure Flame     |       |     2 |     9 ||    11
       Ensorcelled Hiber |       |     1 |       ||     1
       Sandblast         |       |       |    11 ||    11
       Portal Projectile |       |       |     1 ||     1
 Stab: Sleeping          |       |     1 |       ||     1
Armor: Robe              |     2 |     3 |     1 ||     6
Dodge: Dodged            |     6 |    14 |    12 ||    32
